 Dungeon Crawl Stone Soup version 0.18.1-50-g88ac8fd (console) character file.

2160 Kloppie the Cleaver (level 9, -5/78 HPs)
             Began as a Hill Orc Berserker on Sept 20, 2016.
             Was an Elder of Trog.
             Slain by ender666's ghost (13 damage)
             ... on level 7 of the Dungeon.
             The game lasted 00:10:51 (6862 turns).

Kloppie the Cleaver (Hill Orc Berserker)            Turns: 6862, Time: 00:10:51

Health: -5/78      AC: 16    Str: 23    XL:     9   Next: 31%
Magic:  9/9        EV:  2    Int:  7    God:    Trog [****..]
Gold:   223        SH:  3    Dex: 10    Spells: 0 memorised, 8 levels left

rFire  . . .     SeeInvis .     a - +0 hand axe
rCold  . . .     Gourm    .     B - +0 plate armour
rNeg   + . .     Faith    .     (no shield)
rPois  .         Spirit   .     y - +0 helmet
rElec  .         Dismiss  .     (no cloak)
rCorr  .         Reflect  +     H - +0 pair of gloves
SustAt +         Harm     .     (no boots)
MR     ++++.                    p - +3 amulet of reflection
Stlth  ..........               D - ring of Eruonox {SustAt MR++}
                                s - ring of positive energy

@: exhausted, regenerating, slowed, very slow, incredibly resistant to hostile
enchantments, extremely unstealthy
A: no striking features
a: Berserk, Trog's Hand, Brothers in Arms, Burn Spellbooks, Renounce Religion


You were on level 7 of the Dungeon.
You worshipped Trog.
Trog was greatly pleased with you.
You were very hungry.

You visited 1 branch of the dungeon, and saw 7 of its levels.
You also visited: Sewer.

You collected 286 gold pieces.
You spent 63 gold pieces at shops.

Inventory:

Hand Weapons
 a - a +0 hand axe (weapon)
Armour
 y - a +0 helmet (worn)
 B - a +0 plate armour (worn)
 H - a +0 pair of gloves (worn)
Jewellery
 d - an uncursed ring of wizardry {unknown}
 e - an uncursed amulet of faith {unknown}
 h - an uncursed ring of protection from magic
 p - a +3 amulet of reflection (around neck)
 s - a ring of positive energy (left hand)
 D - the ring of Eruonox (right hand) {SustAt MR++}
   (You found it on level 4 of the Dungeon)

   [ring of sustain attributes]

   It sustains your strength, intelligence and dexterity.
   It affects your resistance to hostile enchantments.
Wands
 l - a wand of flame (16/48)
Scrolls
 b - 2 scrolls of recharging
 f - a scroll of magic mapping
 g - 2 scrolls of enchant armour
 i - 3 scrolls of fear
 q - 2 scrolls of immolation
 r - 6 scrolls of identify
 v - a scroll of remove curse
 z - a scroll of noise
Potions
 j - a potion of haste {unknown}
 k - a potion of agility {unknown}
 m - a potion of resistance {unknown}
 n - 2 potions of ambrosia {unknown}
 t - 6 potions of flight {unknown}
 u - 3 potions of cancellation {unknown}
 w - 4 potions of heal wounds {unknown}
 A - 3 potions of curing
 C - a potion of brilliance {unknown}
 E - a potion of invisibility {unknown}
Comestibles
 c - 5 bread rations
 o - 2 chunks of flesh
 x - 2 beef jerkies
 F - a meat ration
 G - a slice of pizza


   Skills:
 - Level 6.8 Fighting
 + Level 11.6 Axes
 + Level 7.9 Armour
 - Level 1.5 Dodging


You had 8 spell levels left.
You didn't know any spells.

Dungeon Overview and Level Annotations

Branches:
Dungeon (7/15)
 Temple: D:4-7

Altars:
Ashenzari
Kikubaaqudgha
Makhleb

Shops:
D:4 [   D:5 *

Annotations:
D:7 ender666's ghost, novice GrFi


Message History

Ender666's ghost is severely damaged.
Ender666's ghost hits you.
* * * LOW HITPOINT WARNING * * *
You closely miss ender666's ghost.
Ender666's ghost is severely damaged.
Ender666's ghost hits you.
* * * LOW HITPOINT WARNING * * *
Ender666's ghost hits you.
* * * LOW HITPOINT WARNING * * *
Ender666's ghost hits you but does no damage.
Ender666's ghost hits you but does no damage.
Ender666's ghost hits you!
* * * LOW HITPOINT WARNING * * *
You feel the effects of Trog's Hand fading.
Ender666's ghost hits you!
* * * LOW HITPOINT WARNING * * *
There is a stone staircase leading up here.
Ender666's ghost shrieks, "You must not succeed where I failed!"
Ender666's ghost hits you!
You die...

## .. #.#####
###...@.#
#.....W.#
#.#####.####
#.......#
#(##.##.####
#(##.##.>...
#.##........
#(..........
##)##.#..##.#


You could see ender666's ghost.

Vanquished Creatures
  The ghost of Gargoyl the Covered, a novice DsAK of Lugonu (D:6)
  Edmund (D:6)
  An orc warrior (D:6)
  A centaur (D:6)
  2 ogres (D:6)
  A phantom (D:5)
  2 big kobolds
  A giant frog (D:6)
  A scorpion (D:5)
  A crimson imp (D:5)
  4 orc priests
  2 jellies
  5 orc wizards
  2 iguanas (D:4)
  6 worker ants
  A hound zombie (D:6)
  12 adders
  3 river rats (Sewer)
  2 worms (D:6)
  A dart slug (D:3)
  8 giant geckos
  24 orcs
  7 bats
  5 giant cockroaches
  12 goblins
  2 hobgoblins
  13 jackals
  4 quokkas
  15 giant newts
  2 jackal skeletons (D:4)
  12 kobolds
  9 rats
163 creatures vanquished.

Vanquished Creatures (others)
  A kobold (D:7)
1 creature vanquished.

Grand Total: 164 creatures vanquished

Notes
Turn   | Place    | Note
--------------------------------------------------------------
     0 | D:1      | Kloppie the Hill Orc Berserker began the quest for the Orb.
     0 | D:1      | Reached XP level 1. HP: 19/19 MP: 1/1
   133 | D:1      | Reached XP level 2. HP: 27/27 MP: 2/2
   865 | D:2      | Reached ** piety under Trog
   867 | D:2      | Reached XP level 3. HP: 19/34 MP: 3/3
  1265 | D:2      | Reached skill level 5 in Axes
  1634 | D:3      | Reached XP level 4. HP: 34/41 MP: 4/4
  1933 | D:3      | Reached *** piety under Trog
  2122 | D:3      | Reached skill level 5 in Fighting
  2368 | D:3      | Reached skill level 6 in Axes
  2368 | D:3      | Reached XP level 5. HP: 43/48 MP: 5/5
  2516 | D:3      | Found an ancient bone altar of Kikubaaqudgha.
  2517 | D:3      | Found a burning altar of Makhleb.
  2837 | D:4      | Reached XP level 6. HP: 28/57 MP: 6/6
  3104 | D:4      | Found Pukazxy's Armour Shoppe.
  3183 | D:4      | Reached **** piety under Trog
  3416 | D:4      | Reached skill level 7 in Axes
  3822 | D:4      | Got a shimmering pewter ring
  4140 | D:4      | Identified the ring of Eruonox {SustAt MR++} (You found it on level 4 of the Dungeon)
  4193 | D:5      | Entered Level 5 of the Dungeon
  4337 | D:5      | Found a shattered altar of Ashenzari.
  4343 | D:5      | Reached XP level 7. HP: 56/64 MP: 7/7
  4593 | D:5      | Found Riewitao's Assorted Antiques.
  4625 | D:5      | Bought an inky potion for 20 gold pieces
  4625 | D:5      | Bought a fizzy clear potion for 20 gold pieces
  4625 | D:5      | Bought a scroll labeled JOWEYDD XISHRU for 23 gold pieces
  4736 | D:5      | Reached skill level 8 in Axes
  5158 | D:6      | Noticed Gargoyl's ghost (novice DsAK)
  5423 | D:6      | Killed Gargoyl's ghost
  5423 | D:6      | Reached skill level 9 in Axes
  5423 | D:6      | Reached skill level 5 in Armour
  5423 | D:6      | Reached XP level 8. HP: 71/71 MP: 8/8
  5445 | D:6      | Reached skill level 10 in Axes
  5657 | D:6      | Found a glowing drain.
  5664 | Sewer    | Entered a sewer
  5749 | Sewer    | Found a glowing silver altar of Zin.
  5847 | D:6      | Noticed Edmund
  5859 | D:6      | Killed Edmund
  6108 | D:6      | Reached XP level 9. HP: 51/78 MP: 9/9
  6184 | D:6      | Reached skill level 11 in Axes
  6814 | D:7      | Noticed ender666's ghost (novice GrFi)
  6862 | D:7      | Slain by ender666's ghost

Skill      XL: |  1  2  3  4  5  6  7  8  9 |
---------------+----------------------------+-----
Fighting       | 4 5 6 |  6.8
Axes           | 5 6 7 9 10 11 | 11.6
Armour         | 5 7 |  7.9
Dodging        | |  1.5

Action                   |  1- 3 |  4- 6 |  7- 9 || total
-------------------------+-------+-------+-------++-------
Melee: Hand axe          |   117 |   275 |   418 ||   810
Invok: Berserk           |     1 |     3 |     5 ||     9
       Trog's Hand       |       |       |     3 ||     3
  Use: Scroll            |       |     9 |     2 ||    11
  Eat: Chunk             |     3 |    11 |    10 ||    24
       Bread ration      |       |       |     1 ||     1
Armor: Animal skin       |    16 |       |       ||    16
       Leather armour    |    15 |       |       ||    15
       Ring mail         |    19 |    39 |       ||    58
       Plate armour      |       |    30 |   143 ||   173
Dodge: Dodged            |    95 |   134 |    69 ||   298
Block: Other             |       |     4 |    36 ||    40
       Reflection        |       |       |     3 ||     3
